 Dungeon Crawl Stone Soup version 0.17.1-1-g73c8601 (webtiles) character file.

13651 JustSomeDude the Cleaver (level 11, 0/126 HPs)
             Began as a Demonspawn Monk on Dec 25, 2015.
             Slain by a polar bear (11 damage)
             ... in an ice cave.
             The game lasted 00:49:48 (7919 turns).

JustSomeDude the Cleaver (Demonspawn Monk)          Turns: 7919, Time: 00:49:48

Health: 0/126      AC: 15    Str: 19    XL:     11   Next: 78%
Magic:  20/20      EV: 12    Int: 15    God:
Gold:   517        SH:  8    Dex: 19    Spells: 0 memorised, 10 levels left

rFire  . . .     SeeInvis .     F - +0 long sword of the Scavenger {pain, +Blink Str+2 Int+4} (curse)
rCold  . . .     Clarity  .     i - +1 chain mail
rNeg   + . .     SustAt   .     c - +2 buckler
rPois  .         Gourm    .     (no helmet)
rElec  .         Spirit   .     (no cloak)
rCorr  .         Warding  +     a - +0 pair of gloves
rMut   .         Stasis   .     (no boots)
MR     +....                    x - amulet of warding
Stlth  ..........               e - ring of wizardry
                                G - ring of magical power

@: berserking, very quick, somewhat resistant to hostile enchantments, extremely
unstealthy
A: hooves 1, yellow scales 1, breathe flames 1, magic resistance 1, powered by
death 2, regeneration 1, spiny 1
a: Breathe Fire, Evoke Blink


You were in an ice cave.
You were not hungry.

You visited 3 branches of the dungeon, and saw 10 of its levels.
You also visited: Sewer and Ice Cave.

You collected 517 gold pieces.

Inventory:

Hand Weapons
 f - a +3 flail of protection
 g - a +2 dire flail
 p - a +0 broad axe
 s - a +3 flail of crushing
 t - a +2 shortbow of flaming
 v - a +2 flail of draining
 F - the cursed +0 long sword of the Scavenger (weapon) {pain, +Blink Str+2 Int+4}
   (You found it in an ice cave)

   In the hands of one skilled in necromantic magic, it inflicts extra damage on
   living creatures.
   It affects your strength (+2).
   It affects your intelligence (+4).
   It lets you blink.
   It has a curse placed upon it.
Missiles
 l - 191 stones (quivered)
 u - 50 arrows
Armour
 a - a +0 pair of gloves (worn)
 c - a +2 buckler (worn)
 i - a +1 chain mail (worn)
Jewellery
 e - a ring of wizardry (right hand)
 x - an amulet of warding (around neck)
 A - an uncursed amulet of clarity
 G - a ring of magical power (left hand)
Wands
 h - a wand of lightning (10)
 o - a wand of disintegration (14)
Scrolls
 d - 3 scrolls of identify
 m - a scroll of enchant armour
 n - 6 scrolls of amnesia
 r - a scroll of recharging
 w - a scroll of teleportation
 y - a scroll of enchant weapon
Potions
 j - a potion of cure mutation
 B - 2 potions of resistance {unknown}
 H - a potion of magic {unknown}
Books
 k - a book of Transfigurations

   Spells                             Type                      Level
   a - Stoneskin                      Transmutation/Earth          2
   b - Irradiate                      Conjuration/Transmutation    5
   c - Statue Form                    Transmutation/Earth          6
   d - Hydra Form                     Transmutation                6
   e - Dragon Form                    Transmutation                7
 q - a book of Flames

   Spells                             Type                      Level
   a - Flame Tongue                   Conjuration/Fire             1
   b - Throw Flame                    Conjuration/Fire             2
   c - Conjure Flame                  Conjuration/Fire             3
   d - Inner Flame                    Hexes/Fire                   3
   e - Sticky Flame                   Conjuration/Fire             4
   f - Fireball                       Conjuration/Fire             5
Miscellaneous
 z - a lantern of shadows
Comestibles
 b - 6 bread rations


   Skills:
 + Level 7.5 Fighting
 * Level 8.2(9.3) Axes
 + Level 6.5(8.4) Maces & Flails
 + Level 2.6 Throwing
 + Level 7.6 Armour
 + Level 6.5 Dodging
 + Level 2.8 Stealth
 + Level 6.7 Shields
 - Level 4.1 Unarmed Combat


You had 10 spell levels left.
You didn't know any spells.

Dungeon Overview and Level Annotations

Branches:
Dungeon (8/15)             Temple (1/1) D:4            Lair (1/8) D:8

Altars:
Ashenzari
Cheibriados
Dithmenos
Elyvilon
Fedhas
Gozag
Kikubaaqudgha
Makhleb
Nemelex Xobeh
Okawaru
Qazlal
Ru
Sif Muna
Trog
Vehumet
Xom
Yredelemnul
Zin
The Shining One

Annotations:
D:8 Erica; Erolcha; Grum; bollicks1999's ghost, novice MiFi


Innate Abilities, Weirdness & Mutations

You have large cloven feet.
You are partially covered in yellow scales (AC +2).
You regenerate health from kills.
You are partially covered in sharp spines.
You can breathe flames.
You are resistant to hostile enchantments.
Your natural rate of healing is unusually fast.


Message History

The polar bear is severely wounded.
You block the polar bear's attack. The polar bear claws you.
The polar bear claws you but does no damage.
The polar bear bites you! You block the polar bear's attack.
The polar bear claws you.
* * * LOW HITPOINT WARNING * * *
Drink which item? (? for menu, Esc to quit)
A red film seems to cover your vision as you go berserk!
You feel yourself moving faster!
You feel mighty! The polar bear bites you!
* * * LOW HITPOINT WARNING * * *
The polar bear barely misses you.
The polar bear claws you but does no damage.
The polar bear bites you!
* * * LOW HITPOINT WARNING * * *
The polar bear completely misses you. The polar bear closely misses you.
You hit the polar bear. Your kick misses the polar bear.
The polar bear is almost dead.
The polar bear is struck by your spines.
The polar bear bites you!
You die...

###### #######....#
##.##.†.##.#.
##.#...#####.#
#..#..## #...# #####
#..†### ##...
#(h@####..## ##..
#.(.##.####..## #..
#..(# #..####..###
#.. ##( #≈≈≈#..#
###†.#####.
#≈≈≈#..### ##...####
######...## #..###.#
#.........####....#.
#...⌠...#..####..###
##.[...##...#≈##....


You could see a polar bear (berserk).

Vanquished Creatures
  The ghost of bollicks1999 the Covered, a novice MiFi (D:4)
  An ice statue (IceCv)
  8 polar bears (IceCv)
  2 blink frogs (Lair:1)
  Prince Ribbit (D:6)
  A hungry ghost (D:8)
  A basilisk (Lair:1)
  25 yaks
  19 wolves
  2 hippogriffs (Lair:1)
  Menkaure (D:6)
  Edmund (D:6)
  A water moccasin (Lair:1)
  3 ogres
  A black bear (D:7)
  8 ice beasts (Lair:1)
  3 orc warriors
  A sky beast (D:6)
  4 porcupines
  3 centaurs
  2 crocodiles
  3 giant frogs
  2 big kobolds
  A wyvern zombie (D:6)
  A quasit (D:7)
  3 wights (D:8)
  2 centaur zombies
  A giant frog zombie (D:6)
  A wasp zombie (D:6)
  5 crimson imps
  6 orc wizards
  An orc priest (D:7)
  A jelly (D:5)
  4 worker ants
  3 iguanas
  A hound skeleton (D:7)
  18 gnolls
  Robin (D:4)
  9 adders
  3 river rats (D:8)
  2 worker ant zombies
  An ooze (D:2)
  An adder skeleton (D:4)
  4 worms
  6 giant geckos
  30 orcs
  A ball python (D:1)
  7 giant cockroaches
  16 goblins
  11 hobgoblins
  7 jackals
  2 quokkas
  3 bats
  A giant cockroach zombie (D:6)
  A giant gecko skeleton (D:6)
  4 giant newts
  19 kobolds
  A quokka skeleton (D:6)
  2 quokka zombies
  9 rats
283 creatures vanquished.

Vanquished Creatures (others)
  3 polar bears (IceCv)
  2 yaks (IceCv)
  A wolf (IceCv)
  A bush (D:8)
  3 fungi (D:8)
  3 plants
13 creatures vanquished.

Grand Total: 296 creatures vanquished

Notes
Turn   | Place    | Note
--------------------------------------------------------------
     0 | D:1      | JustSomeDude the Demonspawn Monk began the quest for the Orb.
     0 | D:1      | Reached XP level 1. HP: 18/18 MP: 1/1
   255 | D:1      | Gained mutation: You are partially covered in sharp spines. [demonic ancestry]
   255 | D:1      | Reached XP level 2. HP: 24/24 MP: 2/2
   624 | D:2      | Found a glowing golden altar of the Shining One.
   672 | D:2      | Found a glowing silver altar of Zin.
   753 | D:2      | Reached skill level 4 in Unarmed Combat
   753 | D:2      | Gained mutation: You are partially covered in yellow scales (AC +2). [demonic ancestry]
   753 | D:2      | Reached XP level 3. HP: 29/29 MP: 3/3
  1202 | D:3      | Reached XP level 4. HP: 35/35 MP: 4/4
  1781 | D:3      | Reached skill level 1 in Armour
  2309 | D:4      | Found a snail-covered altar of Cheibriados.
  2394 | D:4      | Found a staircase to the Ecumenical Temple.
  2431 | Temple   | Entered the Ecumenical Temple
  2485 | D:4      | Noticed an ogre
  2501 | D:4      | Killed an ogre
  2501 | D:4      | Reached skill level 1 in Axes
  2501 | D:4      | Gained mutation: You have large cloven feet. [demonic ancestry]
  2501 | D:4      | Reached XP level 5. HP: 24/41 MP: 5/5
  2514 | D:4      | Found a glowing drain.
  2622 | Sewer    | Entered a sewer
  2630 | Sewer    | Reached skill level 1 in Shields
  2683 | Sewer    | Gained mutation: You regenerate a little health from kills. [demonic ancestry]
  2683 | Sewer    | Reached XP level 6. HP: 28/48 MP: 6/6
  2941 | D:4      | Noticed bollicks1999's ghost (novice MiFi)
  3002 | D:4      | Killed bollicks1999's ghost
  3002 | D:4      | Reached XP level 7. HP: 45/54 MP: 7/7
  3214 | D:4      | Noticed Robin
  3229 | D:4      | Killed Robin
  3357 | D:4      | Noticed an orc warrior
  3370 | D:4      | Killed an orc warrior
  3502 | D:5      | Entered Level 5 of the Dungeon
  3732 | D:5      | Reached XP level 8. HP: 56/61 MP: 8/8
  3872 | D:5      | Found a stormy altar of Qazlal.
  4213 | D:5      | Found an opulent altar of Gozag.
  4214 | D:5      | Found a sacrificial altar of Ru.
  4616 | D:6      | Reached skill level 1 in Maces & Flails
  4734 | D:6      | Noticed Prince Ribbit
  4826 | D:6      | Reached skill level 5 in Fighting
  4826 | D:6      | Reached skill level 5 in Axes
  4832 | D:6      | Gained mutation: Your natural rate of healing is unusually fast. [mutagenic meat]
  4833 | D:6      | Gained mutation: You can breathe flames. [mutagenic meat]
  4835 | D:6      | Gained mutation: You are resistant to hostile enchantments. [mutagenic meat]
  4923 | D:6      | Reached XP level 9. HP: 63/68 MP: 9/9
  5146 | D:6      | Killed Prince Ribbit
  5176 | D:6      | Noticed Edmund
  5188 | D:6      | Noticed Menkaure
  5210 | D:6      | Killed Edmund
  5215 | D:6      | Killed Menkaure
  5215 | D:6      | Reached skill level 1 in Throwing
  5215 | D:6      | Reached skill level 5 in Armour
  5215 | D:6      | Reached skill level 5 in Dodging
  5771 | D:7      | Reached skill level 6 in Axes
  6245 | D:8      | Noticed Erica
  6333 | D:8      | Noticed Grum
  6371 | D:8      | Reached XP level 10. HP: 19/76 MP: 10/10
  6372 | D:8      | Noticed Erolcha
  6586 | D:8      | Reached skill level 5 in Shields
  6679 | D:8      | Noticed bollicks1999's ghost (novice MiFi)
  6683 | D:8      | Found a staircase to the Lair.
  6703 | Lair:1   | Entered Level 1 of the Lair of Beasts
  6711 | Lair:1   | Reached skill level 7 in Axes
  6877 | Lair:1   | Reached skill level 5 in Maces & Flails
  6997 | Lair:1   | Gained mutation: You regenerate health from kills. [demonic ancestry]
  6997 | Lair:1   | Reached XP level 11. HP: 60/83 MP: 11/11
  7038 | Lair:1   | Found a frozen archway.
  7054 | IceCv    | Entered an ice cave
  7734 | IceCv    | Reached skill level 8 in Axes
  7791 | IceCv    | Got an iridescent long sword
  7804 | IceCv    | Identified the cursed +0 long sword of the Scavenger {pain, +Blink Str+2 Int+4} (You found it in an ice cave)
  7919 | IceCv    | Slain by a polar bear

Action                   |  1- 3 |  4- 6 |  7- 9 | 10-12 || total
-------------------------+-------+-------+-------+-------++-------
Melee: Unarmed           |    60 |       |       |       ||    60
       Broad axe         |    14 |    96 |    54 |       ||   164
       Flail             |       |       |   351 |   413 ||   764
       Long sword        |       |       |       |    63 ||    63
Throw: Stone             |       |     3 |    22 |   104 ||   129
 Abil: Breathe Fire      |       |       |     1 |     6 ||     7
  Use: Potion            |     4 |     7 |     4 |     6 ||    21
       Scroll            |     4 |     4 |     3 |     7 ||    18
 Stab: Sleeping          |     3 |       |       |       ||     3
  Eat: Bread ration      |       |     1 |     1 |     1 ||     3
       Meat ration       |       |     1 |     3 |       ||     4
       Chunk             |       |       |     5 |       ||     5
